 Dungeon Crawl Stone Soup version 0.28.0-53-g5a82cb258f (webtiles) character file.

Game seed: 263866473266861906

77965 Labrat the Eclecticist (level 14, -2/115 HPs)
             Began as a Demigod Conjurer on Aug 21, 2022.
             Shot with an arrow by Nessos (7 damage)
             ... on level 15 of the Dungeon on Aug 22, 2022.
             The game lasted 01:33:25 (33410 turns).

Labrat the Eclecticist (Demigod Conjurer)          Turns: 33410, Time: 01:33:25

Health: -2/115     AC: 11    Str:  8    XL:     14   Next: 76%
Magic:  38/38      EV: 12    Int: 36    God:
Gold:   2179       SH:  0    Dex: 12    Spells: 26/43 levels left

rFire   . . .      SeeInvis .   V - +1 falchion of Yrets {vamp, rElec rPois rC+++ Stlth-}
rCold   + + +      Faith    .   (no shield)
rNeg    + . .      Spirit   .   F - +0 robe {rN+}
rPois   +          Reflect  .   (no helmet)
rElec   +          Harm     .   v - +1 cloak
rCorr   .          Rampage  .   (no gloves)
Will    +....                   y - +2 pair of boots {Fly}
Stlth   +.........              U - amulet of magic regeneration
HPRegen 0.29/turn               w - +4 ring of protection
MPRegen 0.66/turn               T - ring of wizardry

@: lethally poisoned (-2 -> -4), flying
A: high MP 1, forlorn, divine attributes
a: no special abilities


You were on level 15 of the Dungeon.
You visited 3 branches of the dungeon, and saw 21 of its levels.
You also visited: Bailey and Gauntlet.

You collected 2179 gold pieces.

Inventory:

Hand Weapons
 V - the +1 falchion of Yrets (weapon) {vamp, rElec rPois rC+++ Stlth-}
   (You found it in a Gauntlet)

   It occasionally heals its wielder for a portion of the damage dealt when it
   wounds a living foe.
   rC:        It renders you almost immune to cold.
   rElec:     It insulates you from electricity.
   rPois:     It protects you from poison.
   Stlth:     It makes you less stealthy.
Missiles
 C - 12 curare-tipped darts
 Z - 2 silver javelins
Armour
 v - a +1 cloak (worn)
 y - a +2 pair of boots of flying (worn)
 D - the +1 robe "Ceoz" {rCorr}
   (You found it on level 6 of the Lair of Beasts)

   rCorr:     It protects you from acid and corrosion.
 F - a +0 robe of positive energy (worn)
Jewellery
 i - a ring of fire
 w - a +4 ring of protection (left hand)
 N - an amulet of reflection
 O - the amulet of Happiness {+Blink Regen+}
   (You found it on level 13 of the Dungeon)

   [amulet of regeneration]

   +Blink:    It lets you blink.
   Regen:     It increases your rate of health regeneration.
 R - a ring of see invisible
 T - a ring of wizardry (right hand)
 U - an amulet of magic regeneration (around neck)
Wands
 e - a wand of acid (22)
 h - a wand of digging (5)
 J - a wand of charming (5)
 K - a wand of iceblast (14)
 L - a wand of flame (8)
 M - a wand of mindburst (13)
 X - a wand of paralysis (11)
Scrolls
 c - 3 scrolls of magic mapping
 d - 4 scrolls of amnesia
 f - 4 scrolls of vulnerability
 k - 2 scrolls of fear
 l - 5 scrolls of blinking
 m - 7 scrolls of immolation
 n - 14 scrolls of teleportation
 r - a scroll of acquirement {unknown}
 t - 2 scrolls of silence {unknown}
 A - 4 scrolls of enchant armour
 E - 2 scrolls of brand weapon {unknown}
 H - a scroll of torment {unknown}
 Q - 4 scrolls of enchant weapon {unknown}
 S - 3 scrolls of fog {unknown}
 Y - 3 scrolls of holy word
Potions
 a - 4 potions of heal wounds
 b - 9 potions of curing
 g - 2 potions of might
 j - 2 potions of cancellation
 p - 2 potions of brilliance
 s - 3 potions of magic
 u - 2 potions of haste
 x - a potion of invisibility
 z - a potion of lignification {unknown}
 B - a potion of ambrosia {unknown}
 G - a potion of degeneration {unknown}
 I - 3 potions of mutation
 W - a potion of attraction {unknown}
Miscellaneous
 o - a condenser vane
 q - a lightning rod (4/4)
 P - a box of beasts


   Skills:
 - Level 8.0 Fighting
 - Level 1.7 Dodging
 - Level 1.7 Stealth
 + Level 15.4 Spellcasting
 - Level 12.0 Conjurations
 - Level 3.0 Ice Magic
 - Level 8.0 Earth Magic
 - Level 10.0 Evocations


You had 26 spell levels left.
You knew the following spells:

 Your Spells              Type           Power      Damage    Failure   Level
a - Magic Dart            Conj           100%       1d8       0%          1
b - Searing Ray           Conj           100%       2d8       0%          2
c - Iskenderun's Mystic   Conj/Tloc      63%        2d13      1%          4
d - Iron Shot             Conj/Erth      39%        9d8       1%          6
e - Hailstorm             Conj/Ice       69%        3d14      1%          4

Your spell library contained the following spells:

 Spells                   Type           Power      Damage    Failure   Level
 Animate Skeleton         Necr           54%        N/A       1%          1
 Freeze                   Ice            100%       1d11      1%          1
 Pain                     Necr           100%       1d9       1%          1
 Dazzling Flash           Conj/Hex       100%       N/A       1%          3
 Frozen Ramparts          Ice            98%        1d11      1%          3
 Gell's Gravitas          Tloc           27%        N/A       1%          3
 Teleport Other           Tloc           27%        N/A       1%          3
 Tukima's Dance           Hex            27%        N/A       1%          3
 Vampiric Draining        Necr           27%        2d7       1%          3
 Animate Armour           Summ/Erth      100%       N/A       1%          4
 Fulminant Prism          Conj/Hex       31%        3d16      1%          4
 Ice Form                 Ice/Tmut       38%        N/A       2%          4
 Anguish                  Hex/Necr       13%        N/A       5%          4
 Cause Fear               Hex            13%        N/A       5%          4
 Agony                    Necr           27%        N/A       16%         5
 Blade Hands              Tmut           13%        N/A       16%         5
 Excruciating Wounds      Necr           13%        N/A       16%         5
 Simulacrum               Ice/Necr       19%        N/A       38%         6
 Dispersal                Tloc           13%        N/A       58%         6
 Dragon Form              Tmut           13%        N/A       98%         7
 Enfeeble                 Hex            13%        N/A       98%         7
 Dragon's Call            Summ           13%        N/A       100%        9


Dungeon Overview and Level Annotations

Branches:
Dungeon (15/15)            Temple (1/1) D:4            Lair (6/6) D:8
 Shoals (0/4) Lair:2       Spider (0/4) Lair:4        Slime (0/5) Lair:5
    Orc (0/2) D:11         Depths (0/4) D:15         Bailey (visited)
Gauntlet (visited)
 Vaults: D:13-14

Annotations:
D:15 Kirke, Nessos


Innate Abilities, Weirdness & Mutations

You have an increased reservoir of magic. (+10% MP)
You shall have no god before yourself.
Your divine heritage dramatically boosts your attributes as you level up.


Message History

You start resting.
You hear the faint crackling of a distant melting archway.
You see here a hog corpse.
You see here 23 stones.
Nessos the Markscentaur comes into view.
They are wearing a +2 barding of fire resistance and carrying a wand of paralysis (8).
Nessos shouts!
Nessos zaps a wand.
You resist with almost no effort.
Nessos moves out of view.
Unknown command.
Nessos zaps a wand.
You suddenly lose the ability to move!
Nessos wields a +2 longbow of flaming.
It bursts into flame!
Nessos shoots an arrow.
The arrow hits you! The arrow burns you.
You hear a roar!
Nessos shoots an arrow.
The arrow hits you! The arrow burns you.
Nessos casts a spell.
Nessos blinks!
Nessos zaps a wand.
You resist with almost no effort.
Nessos shoots an arrow.
The arrow hits you! The arrow burns you.
You are poisoned.
An eight-headed hydra comes into view.
You feel sick.
The eight-headed hydra roars!
You hear a horrible gurgling sound! x2
Nessos casts a spell.
Nessos blinks!
Nessos zaps a wand.
You resist with almost no effort.
A manticore comes into view.
You can move again.
Unknown command.
Unknown command.
Unknown command.
You feel sick.
Nessos gestures wildly while chanting.
Nessos blinks!
You feel sick.
Nessos shoots an arrow.
The arrow hits you!
* * * LOW HITPOINT WARNING * * *
The arrow burns you.
* * * LOW HITPOINT WARNING * * *
You feel sick.
Unknown command.
You feel sick.
Nessos shoots an arrow.
The arrow hits you!
* * * LOW HITPOINT WARNING * * *
The arrow burns you!
You die...

,,,,,*,../##*#..†# ,,,,,*,#*,**
###†# ,,,,,,,**..#####.#
,,,,,,***#.....#.# * ,,,,,,*
****#...# *** ,,,,,** ##..#####
*,, ,,,,,* #......####******,*
,,,,,* #(####.....,,,,,,,, ,,,,,*
**#.@....##****,,,,,,
,,,,,*******#...#.#### *,,,,,,
*,,*,,,**,<,#.###....# *,,,,,,
*,,,*,,,,,,...* ####c## *,,,,,,
*,,,*,****#..,* #.D### *,,,,,,
*,,,*,,,,,#..,* ##...#**,,,,,,
**,*,*,*,,#.,,***** ###.....c..,,
*,,,*,,,*,*,,,,,,,****#..§#####*,
***,*,,,,,*,*****,,,,,...§..,,,,,


You could see Nessos and an eight-headed hydra.

Vanquished Creatures
  A cacodemon (Gauntlet)
  A minotaur (Gauntlet)
  Fannar (D:12)
  A fire dragon (Lair:6)
  3 boulder beetles
  7 hydras
  A centaur warrior (D:15)
  2 two-headed ogres
  9 death yaks
  Urug (Lair:4)
  The ghost of Revguard the Magician, a novice DsGl of Kikubaaqudgha (D:9)
  A thrashing horror (Gauntlet)
  The ghost of anyiome the Cudgeller, a novice TrFi of Trog (D:7)
  A swamp dragon (Lair:6)
  Pikel (D:8)
  An orb spider (Lair:4)
  A lindwurm (Lair:3)
  A necromancer (Gauntlet)
  An orc knight (Bailey)
  2 wolf spiders (Lair:6)
  4 manticores
  2 ugly things
  4 deep elf pyromancers
  An oklob plant (Lair:3)
  3 cyclopes
  8 black mambas
  A moth of wrath (Lair:4)
  17 elephants
  A guardian serpent (Lair:6)
  An eye of devastation (Gauntlet)
  20 cane toads
  2 minotaur zombies (Gauntlet)
  2 torpor snails
  3 rime drakes
  Psyche (D:12)
  13 komodo dragons
  4 trolls
  4 hornets
  5 polar bears
  13 blink frogs
  A hornet (shapeshifter) (D:13)
  6 slime creatures
  6 dream sheep (Lair:5)
  A shadow (D:10)
  3 wraiths
  5 basilisks
  13 wyverns
  3 hogs (D:15)
  The ghost of aloneDruid the Chopper, an amateur DgGl (D:4)
  2 steam dragons
  A redback (Lair:6)
  49 yaks
  Menkaure (D:6)
  The ghost of PuuKala the Magician, an amateur DjFE (D:4)
  4 swamp worms (Lair:4)
  2 acid dragons
  24 water moccasins
  3 small abominations (Gauntlet)
  4 black bears
  2 floating eyes (Gauntlet)
  13 orc warriors
  A sky beast (D:7)
  4 swamp drakes (Lair:6)
  6 ice beasts
  3 ogres
  4 wolves (Gauntlet)
  2 centaurs
  4 lemures (D:8)
  2 kobold brigands
  A gnoll sergeant (D:7)
  3 wyvern zombies
  18 bullfrogs
  A scorpion (D:5)
  A hornet simulacrum (D:7)
  2 water moccasin skeletons
  2 wyvern skeletons (D:5)
  10 killer bees
  6 spriggan skeletons (D:13)
  A troll skeleton (D:13)
  6 wights
  2 vampire bats (Lair:6)
  2 howler monkeys (D:8)
  4 centaur zombies
  A bullfrog skeleton (D:6)
  4 hounds
  A gnoll shaman (D:8)
  7 orc priests
  A jelly (Lair:5)
  Crazy Yiuf (D:2)
  Jessica (D:2)
  4 iguanas
  9 orc wizards
  2 hound skeletons
  12 gnolls
  5 adders
  4 white imps
  3 ufetubi (D:6)
  An adder skeleton (D:4)
  2 worms (D:2)
  A dart slug (D:1)
  27 orcs
  7 endoplasms
  3 giant cockroaches
  11 goblins
  16 hobgoblins
  2 jackals (D:2)
  5 quokkas
  11 ball pythons
  8 bats
  2 frilled lizards (D:2)
  20 kobolds
  6 rats
554 creatures vanquished.

Vanquished Creatures (others)
  A demonic plant (Gauntlet)
  45 fungi
  89 plants
  5 withered plants (D:4)
140 creatures vanquished.

Grand Total: 694 creatures vanquished

Notes
Turn   | Place    | Note
-------+----------+-------------------------------------------
     0 | D:1      | Labrat the Demigod Conjurer began the quest for the Orb.
     0 | D:1      | Reached XP level 1. HP: 14/14 MP: 5/5
   143 | D:1      | Reached skill level 2 in Spellcasting
   372 | D:1      | Reached XP level 2. HP: 20/20 MP: 2/7
   580 | D:1      | Learned a level 2 spell: Searing Ray
  1047 | D:2      | HP: 1/20 [worm (10)]
  1644 | D:2      | Reached XP level 3. HP: 20/26 MP: 2/9
  2064 | D:2      | Noticed Jessica
  2066 | D:2      | Killed Jessica
  2133 | D:2      | Found a runed translucent door.
  2134 | D:2      | Noticed Crazy Yiuf
  2462 | D:2      | Reached XP level 4. HP: 33/33 MP: 9/11
  2738 | D:3      | Reached skill level 3 in Spellcasting
  3263 | D:3      | Reached XP level 5. HP: 38/38 MP: 8/13
  3312 | D:3      | Reached skill level 5 in Conjurations
  3378 | D:3      | Reached skill level 4 in Spellcasting
  3912 | D:4      | Found a staircase to the Ecumenical Temple.
  3922 | Temple   | Entered the Ecumenical Temple
  4105 | D:4      | Reached XP level 6. HP: 37/45 MP: 4/16
  4781 | D:4      | Found a runed translucent gate.
  4782 | D:4      | Found a runed translucent gate.
  4803 | D:4      | Found a runed translucent gate.
  5006 | D:4      | Noticed aloneDruid's ghost (amateur DgGl)
  5006 | D:4      | Noticed PuuKala's ghost (amateur DjFE)
  5236 | D:5      | Entered Level 5 of the Dungeon
  5288 | D:5      | Reached skill level 5 in Spellcasting
  5288 | D:5      | Reached skill level 1 in Fighting
  5651 | D:5      | Reached XP level 7. HP: 58/58 MP: 9/17
  6189 | D:5      | Reached skill level 5 in Fighting
  6517 | D:5      | Reached skill level 6 in Spellcasting
  6850 | D:5      | Learned a level 4 spell: Iskenderun's Mystic Blast
  7008 | D:6      | Reached XP level 8. HP: 68/68 MP: 14/21
  7216 | D:6      | Reached skill level 7 in Spellcasting
  7977 | D:6      | Noticed Menkaure
  8300 | D:6      | Reached skill level 8 in Spellcasting
  8506 | D:2      | Killed Crazy Yiuf
  8839 | D:7      | Found a flagged portal.
  8866 | Bailey   | Entered a bailey
  8872 | Bailey   | Noticed an orc knight
  9168 | Bailey   | Killed an orc knight
  9169 | Bailey   | Reached XP level 9. HP: 74/74 MP: 8/25
 10609 | D:7      | Found a runed translucent gate.
 10609 | D:7      | Found a runed translucent gate.
 10609 | D:7      | Found a runed translucent gate.
 10908 | D:7      | Noticed anyiome's ghost (novice TrFi)
 11233 | D:7      | Noticed a manticore
 11239 | D:7      | Killed a manticore
 11240 | D:7      | Reached skill level 9 in Spellcasting
 11777 | D:8      | Reached skill level 1 in Evocations
 11788 | D:8      | Learned a level 4 spell: Hailstorm
 12221 | D:8      | Reached skill level 1 in Ice Magic
 12423 | D:8      | Found a staircase to the Lair.
 12548 | D:8      | Noticed a two-headed ogre
 12571 | D:8      | Reached XP level 10. HP: 59/81 MP: 3/27
 12571 | D:8      | Killed a two-headed ogre
 13081 | D:8      | Reached skill level 10 in Spellcasting
 13974 | D:8      | Noticed Pikel
 13989 | D:8      | Killed Pikel
 14167 | D:6      | Killed Menkaure
 14425 | D:4      | Killed PuuKala's ghost
 14459 | D:4      | Killed aloneDruid's ghost
 14770 | D:9      | Noticed a manticore
 14804 | D:9      | Found a runed translucent gate.
 14804 | D:9      | Found a runed translucent gate.
 14804 | D:9      | Found a runed translucent gate.
 14804 | D:9      | Noticed Revguard's ghost (novice DsGl)
 14824 | D:9      | Reached skill level 5 in Evocations
 15273 | D:9      | Noticed a boulder beetle
 15666 | Lair:1   | Entered Level 1 of the Lair of Beasts
 15679 | Lair:1   | Noticed a black mamba
 15935 | D:9      | Killed a manticore
 16120 | D:10     | Entered Level 10 of the Dungeon
 16537 | D:10     | Reached XP level 11. HP: 86/86 MP: 21/30
 16564 | D:10     | Reached skill level 11 in Spellcasting
 18509 | D:11     | Found a staircase to the Orcish Mines.
 19365 | Lair:1   | Reached skill level 10 in Conjurations
 19875 | Lair:1   | Noticed a boulder beetle
 19895 | Lair:1   | Killed a boulder beetle
 20464 | Lair:1   | Reached skill level 12 in Spellcasting
 21165 | Lair:2   | Learned a level 6 spell: Iron Shot
 21341 | Lair:2   | Reached skill level 1 in Earth Magic
 21370 | Lair:2   | Found a staircase to the Shoals.
 22293 | Lair:3   | Reached XP level 12. HP: 55/94 MP: 17/32
 23468 | Lair:3   | Reached skill level 5 in Earth Magic
 23616 | Lair:4   | Found a gate leading to a gauntlet.
 23667 | Gauntlet | Entered a Gauntlet
 23667 | Gauntlet | Found a transporter.
 23688 | Gauntlet | Found a transporter.
 23692 | Gauntlet | Found a transporter.
 23700 | Gauntlet | Found a transporter.
 23704 | Gauntlet | Found a transporter.
 23712 | Gauntlet | Found a transporter.
 23716 | Gauntlet | Found a transporter.
 23723 | Gauntlet | Noticed a cacodemon
 23724 | Gauntlet | Found a transporter.
 23728 | Gauntlet | Found a transporter.
 23734 | Gauntlet | Noticed a green death
 23736 | Gauntlet | Found a transporter.
 23767 | Gauntlet | Found a transporter.
 23779 | Gauntlet | Found a transporter.
 23792 | Gauntlet | Found a transporter.
 23805 | Gauntlet | Found a transporter.
 24246 | Gauntlet | Killed a cacodemon
 24357 | Gauntlet | Noticed a minotaur
 24377 | Gauntlet | Killed a minotaur
 24382 | Gauntlet | Identified the +1 falchion of Yrets {vamp, rElec rPois
                  | rC+++ Stlth-}
 24382 | Gauntlet | Identified the amulet "Afualipa" {Spirit Rampage rPois
                  | Int+3}
 24844 | Lair:4   | Noticed a four-headed hydra
 24848 | Lair:4   | Killed a four-headed hydra
 25312 | Lair:4   | Noticed a six-headed hydra
 25316 | Lair:4   | Killed a six-headed hydra
 25636 | Lair:4   | Noticed Urug
 25641 | Lair:4   | Killed Urug
 25642 | Lair:4   | Reached XP level 13. HP: 63/107 MP: 17/34
 26403 | Lair:4   | Found a hole to the Spider Nest.
 26627 | Lair:5   | Found a staircase to the Slime Pits.
 27743 | Lair:6   | Entered Level 6 of the Lair of Beasts
 27855 | Lair:6   | Identified the +1 robe "Ceoz" {rCorr}
 27918 | Lair:6   | Reached skill level 13 in Spellcasting
 28667 | Lair:6   | Reached XP level 14. HP: 74/115 MP: 7/36
 29174 | Lair:6   | Paralysed by a hornet for 3 turns
 29655 | Lair:6   | Reached skill level 14 in Spellcasting
 30236 | Lair:6   | Reached skill level 10 in Evocations
 30975 | D:7      | Killed anyiome's ghost
 31155 | D:9      | Killed Revguard's ghost
 31896 | D:12     | Identified the +1 plate armour of the Catamount {rElec rN+
                  | Dex+4}
 31925 | D:12     | Noticed Psyche
 32066 | D:12     | Noticed Fannar
 32084 | D:12     | Killed Fannar
 32214 | D:12     | Killed Psyche
 32284 | D:12     | Reached skill level 15 in Spellcasting
 32961 | D:13     | Identified the amulet of Happiness {+Blink Regen+}
 33281 | D:13     | You are sucked into a shaft and drop 2 floors!
 33281 | D:15     | Entered Level 15 of the Dungeon
 33341 | D:15     | Noticed Kirke
 33397 | D:15     | Noticed Nessos
 33401 | D:15     | Paralysed by Nessos for 6 turns
 33410 | D:15     | HP: 5/115 [Nessos/arrow (16)]
 33410 | D:15     | Shot with an arrow by Nessos

Illustrated notes

Levels and vault maps discovered:
D:1:      lightli_arrival_boilingwater, layout_basic, minmay_misc_feat_alley
D:2:      layout_loops_ring, uniq_crazy_yiuf_cottage, uniq_jessica
D:3:      layout_basic, kennysheep_generic_room_15
D:4:      layout_cave_pods, mainiacjoe_overflow_boulevard,
          nicolae_overflow_hidden_temple, minmay_temple_entry_drinking_statues,
          gammafunk_ghost_cemetery, serial_glass, glass_columns_a,
          glass_columns_c, glass_columns_a, glass_columns_b, glass_columns_a,
          glass_columns_b, corexii_corridor_pit, minivault_4, minivault_26,
          kennysheep_generic_room_12
D:5:      layout_cave_pods, nicolae_overflow_crystal_walls, grunt_ministairs_13,
          minmay_diced_spiral
D:6:      layout_loops_ring, uniq_menkaure
D:7:      layout_gridville, enter_bailey_3, gammafunk_ghost_icy
D:8:      minmay_thinvault, layout_layer_cave,
          mainiacjoe_overflow_catwalk_spiral, lair_entry_dummy,
          dk_noncrumbling_4, uniq_pikel
D:9:      layout_roguey, nicolae_ru_path_of_blood, mainiacjoe_overflow_alcove_1,
          ebering_ghost_rock_garden
D:10:     layout_roguey, feat_on_display
D:11:     layout_loops_ring, david_orc_1_choice, chequers_serial_rivers_large_b
D:12:     layout_roguey, uniq_psyche, uniq_fannar
D:13:     layout_stronghold, corner_web_ring, hangedman_tell_no_tales
D:15:     hangedman_depths_entry_civil_slaughter, layout_rooms,
          portal_ice_cave_entry_ugly_swarm, chequers_serial_rivers_micro_c,
          uniq_nessos, uniq_jorgrun, uniq_kirke
Temple:   nicolae_temple_great_sept
Lair:1:   layout_cave_pods, nzn_masters_of_martial_movement, grunt_megastairs_3
Lair:2:   layout_roguey, shoals_dummy_entry, serial_forest,
          infiniplex_forest_straight_5, infiniplex_forest_lined_room_2,
          infiniplex_forest_lined_ring, infiniplex_forest_clump_double,
          infiniplex_forest_lined_room_3, infiniplex_forest_clump_long,
          infiniplex_forest_fountain
Lair:3:   layout_hall_layers
Lair:4:   layout_hall_layers, nicolae_spider_entry_orb_guardian,
          gauntlet_entry_generic, worms_lemuel, grunt_megastairs_2, uniq_urug
Lair:5:   layout_hall_layers, minmay_slime_entry_pillars
Lair:6:   hangedman_lair_tendril_chambers, layout_big_grid,
          guppyfry_lair_end_dragon, roderic_batcave, serial_bayou_pond_a,
          infiniplex_staircase_pool_2

Skill      XL: |  1  2  3  4  5  6  7  8  9 10 11 12 13 14 |
---------------+-------------------------------------------+-----
Spellcasting   | 2 3 4 5 6 8 9 10 12 13 15 | 15.4
Conjurations   | 4 5 6 8 11 12 | 12.0
Fighting       | 3 5 8 |  8.0
Evocations     | 2 5 8 10 | 10.0
Ice Magic      | 1 3 |  3.0
Earth Magic    | 3 5 8 |  8.0
Dodging        | |  1.7
Stealth        | |  1.7

Action                   |  1- 3 |  4- 6 |  7- 9 | 10-12 | 13-15 || total
-------------------------+-------+-------+-------+-------+-------++-------
Melee: Dagger            |     3 |    18 |       |     4 |       ||    25
       Spear             |       |       |    75 |    78 |       ||   153
       Punch             |       |       |       |     1 |     2 ||     3
       Falchion          |       |       |       |     3 |    54 ||    57
 Cast: Magic Dart        |    83 |   121 |   226 |    81 |     2 ||   513
       Searing Ray       |     3 |     9 |    57 |   101 |    33 ||   203
       Iskenderun's Myst |       |       |     2 |    94 |    88 ||   184
       Hailstorm         |       |       |     2 |    19 |    25 ||    46
       Iron Shot         |       |       |       |    48 |   200 ||   248
Evoke: Wand              |       |       |     1 |     6 |       ||     7
       Lightning rod     |       |       |       |     2 |     5 ||     7
       Condenser vane    |       |       |       |     1 |     1 ||     2
       Box of beasts     |       |       |       |       |     1 ||     1
  Use: Scroll            |       |       |     7 |     7 |     6 ||    20
       Potion            |       |       |       |     2 |       ||     2
 Stab: Sleeping          |       |       |     2 |     1 |       ||     3
Armor: Robe              |     3 |     7 |    42 |   105 |    65 ||   222
Dodge: Dodged            |     8 |    15 |    90 |   162 |    88 ||   363
Block: Other             |       |       |       |     8 |       ||     8
